 Dungeon Crawl Stone Soup version 0.24.0-1-gfbc8707 (webtiles) character file.

Game seed: 1392195205360966325, levelgen mode: deterministic

4186 Cinza the Cleaver (level 10, -5/86 HPs)
             Began as a Minotaur Fighter on Oct 30, 2019.
             Was a Priest of Okawaru.
             Slain by Sonja
             ... wielding a +2 dagger of distortion
              (12 damage)
             ... on level 1 of the Lair of Beasts.
             The game lasted 01:19:19 (7004 turns).

Cinza the Cleaver (Minotaur Fighter)                Turns: 7004, Time: 01:19:20

Health: -5/86      AC: 14    Str: 26    XL:     10   Next: 8%
Magic:  9/9        EV:  8    Int:  5    God:    Okawaru [***...]
Gold:   189        SH: 11    Dex: 10    Spells: 9/9 levels left

rFire    . . .     SeeInvis .   a - +2 war axe
rCold    . . .     Gourm    .   c - +0 shield
rNeg     . . .     Faith    .   j - +0 chain mail
rPois    +         Spirit   .   (helmet restricted)
rElec    .         Reflect  .   v - +0 cloak
rCorr    .         Harm     .   i - +0 pair of gloves
MR       .....                  l - +0 pair of boots
Stlth    ..........             w - amulet of rage
HPRegen  0.24/turn              e - +2 ring of strength
MPRegen  0.11/turn              g - ring of poison resistance

@: about to teleport
A: retaliatory headbutt, horns 2
a: Heroism, Renounce Religion, Evoke Berserk Rage


You were on level 1 of the Lair of Beasts.
You worshipped Okawaru.
Okawaru was most pleased with you.
You were hungry.

You visited 3 branches of the dungeon, and saw 10 of its levels.

You collected 406 gold pieces.
You spent 217 gold pieces at shops.

Inventory:

Hand Weapons
 a - a +2 war axe (weapon)
 b - a +1 mace of protection
Armour
 c - a +0 shield (worn)
 i - a +0 pair of gloves (worn)
 j - a +0 chain mail (worn)
 l - a +0 pair of boots (worn)
 v - a +0 cloak (worn)
Magical Staves
 B - an uncursed staff of fire {unknown}
Jewellery
 d - an uncursed ring of flight
 e - a +2 ring of strength (left hand)
 g - a ring of poison resistance (right hand)
 s - an uncursed amulet of the gourmand
 w - an amulet of rage (around neck)
Wands
 z - a wand of acid (12)
Scrolls
 h - 2 scrolls of teleportation
 k - 4 scrolls of identify
 o - a scroll of noise
 p - a scroll of magic mapping
 x - 2 scrolls of remove curse
 y - 2 scrolls of fog
Potions
 n - a potion of magic
 u - a potion of haste
Comestibles
 f - 10 rations


   Skills:
 * Level 7.5 Fighting
 * Level 12.0 Axes
 + Level 0.8 Throwing
 * Level 7.4 Armour
 + Level 2.9 Dodging
 + Level 0.1 Stealth
 * Level 8.4 Shields
 + Level 0.7 Invocations
 + Level 0.2 Evocations


You had 9 spell levels left.
You didn't know any spells.
Your spell library was empty.

Dungeon Overview and Level Annotations

Branches:
Dungeon (8/15)             Temple (1/1) D:4            Lair (1/6) D:8

Altars:
Ashenzari
Cheibriados
Dithmenos
Elyvilon
Fedhas
Gozag
Hepliaklqana
Kikubaaqudgha
Makhleb
Nemelex Xobeh
Okawaru
Qazlal
Ru
Sif Muna
Trog
Uskayaw
Vehumet
Wu Jian
Xom
Yredelemnul
Zin
The Shining One

Shops:
D:4 *%[%*   D:6 ?

Annotations:
D:4 Armour shop
Lair:1 Sonja


Innate Abilities, Weirdness & Mutations

You reflexively headbutt those who attack you in melee.
You have a pair of horns on your head.


Message History

Sonja hits you but does no damage. Space bends around you.
* * * LOW HITPOINT WARNING * * *
Sonja hits you but does no damage.
You blink.
You hit Sonja. Your headbutt misses Sonja.
Sonja is lightly wounded.
Sonja mumbles some strange words.
Sonja blinks!
Your chain mail prevents you from hitting Sonja.
Your headbutt misses Sonja.
Sonja is lightly wounded.
You block Sonja's attack. Sonja hits you but does no damage.
You feel strangely unstable. Sonja hits you but does no damage.
You blink.
Sonja hits you with a +2 dagger of distortion.
* * * LOW HITPOINT WARNING * * *
You blink.
Sonja gestures wildly while chanting.
Sonja blinks!
There is an open door here.
Sonja hits you but does no damage. Space warps horribly around you!
You die...

...((...............#
(...................#
....................#
#..##.....##...#*#..#
..........###.####..#
.....#....##.'P##...#
..........###..##...##
.....#....'.ยง...##...#
..........###..K@'...#
,....#....# #..###..P#
,....#....# #..# #..##
,.........########..#
,#####....#.###P##..#
,...................#
,#######.######.#####
** ### ###


You could see Sonja.

Vanquished Creatures
  A spiny frog (Lair:1)
  A komodo dragon (D:8)
  2 hippogriffs (D:8)
  A water moccasin (D:8)
  3 porcupines (Lair:1)
  Duvessa (D:4)
  2 black bears
  3 ice beasts
  An orc warrior (D:7)
  An ogre (D:6)
  3 centaurs
  2 big kobolds
  5 bullfrogs
  Dowan (D:4)
  A scorpion (D:4)
  A howler monkey (D:6)
  2 crimson imps (D:6)
  4 hounds
  3 jellies
  A centaur zombie (D:6)
  3 orc priests
  A bullfrog skeleton (D:7)
  2 iguanas
  7 worker ants
  8 orc wizards
  A hound zombie (D:5)
  2 hound skeletons (D:4)
  A worker ant zombie (D:6)
  Robin (D:3)
  13 adders
  4 gnolls (D:6)
  2 shadow imps
  2 adder skeletons
  7 worms
  A dart slug (D:3)
  6 leopard geckos
  32 orcs
  7 giant cockroaches
  27 goblins
  14 hobgoblins
  19 jackals
  2 quokkas
  9 bats
  7 frilled lizards
  18 kobolds
  5 rats
  A bush (D:6)
  A plant (D:3)
242 creatures vanquished.

Vanquished Creatures (others)
  2 plants (D:8)
2 creatures vanquished.

Grand Total: 244 creatures vanquished

Notes
Turn   | Place    | Note
-------+----------+-------------------------------------------
     0 | D:1      | Cinza the Minotaur Fighter began the quest for the Orb.
     0 | D:1      | Reached XP level 1. HP: 19/19 MP: 0/0
   117 | D:1      | Reached XP level 2. HP: 27/27 MP: 1/1
   565 | D:1      | Reached skill level 3 in Axes
   693 | D:2      | Reached XP level 3. HP: 28/33 MP: 2/2
  1208 | D:2      | Reached XP level 4. HP: 41/41 MP: 3/3
  1512 | D:3      | Reached skill level 4 in Axes
  1682 | D:3      | Noticed Robin
  1701 | D:3      | Killed Robin
  1701 | D:3      | Reached XP level 5. HP: 34/47 MP: 4/4
  1720 | D:3      | Reached skill level 5 in Axes
  2230 | D:4      | Reached skill level 6 in Axes
  2230 | D:4      | Reached XP level 6. HP: 51/53 MP: 5/5
  2239 | D:4      | Found Yruevoth's Food Shoppe.
  2248 | D:4      | Found a staircase to the Ecumenical Temple.
  2278 | D:4      | Reached skill level 5 in Fighting
  2331 | D:4      | Reached skill level 1 in Dodging
  2362 | D:4      | Found Qamilueg's Food Shop.
  2387 | D:4      | Reached skill level 7 in Axes
  2400 | D:4      | Found Kesho's Assorted Antiques.
  2404 | D:4      | Bought a glass ring for 135 gold pieces
  2411 | D:4      | Found a sacrificial altar of Ru.
  2425 | D:4      | Noticed Dowan
  2427 | D:4      | Noticed Duvessa
  2436 | D:4      | Killed Duvessa
  2436 | D:4      | Reached XP level 7. HP: 45/61 MP: 6/6
  2440 | D:4      | Killed Dowan
  2440 | D:4      | Reached skill level 5 in Shields
  2461 | D:4      | Found a glowing golden altar of the Shining One.
  2463 | D:4      | Found a basalt altar of Yredelemnul.
  2604 | D:4      | Found Teet's Armour Boutique.
  2710 | D:4      | Found Zerad's Assorted Antiques.
  2781 | D:4      | Reached skill level 8 in Axes
  2841 | D:4      | Found a snail-covered altar of Cheibriados.
  3058 | Temple   | Entered the Ecumenical Temple
  3271 | Temple   | Became a worshipper of Warmaster Okawaru
  3309 | D:5      | Entered Level 5 of the Dungeon
  3343 | D:5      | Reached skill level 5 in Armour
  3796 | D:5      | Reached * piety under Okawaru
  3796 | D:5      | Reached XP level 8. HP: 69/69 MP: 7/7
  4022 | D:6      | Found Bafon's Magic Scroll Emporium.
  4062 | D:6      | Reached skill level 9 in Axes
  4655 | D:6      | Found a shimmering altar of Xom.
  4723 | D:6      | Reached skill level 10 in Axes
  5171 | D:7      | Reached ** piety under Okawaru
  5171 | D:7      | Reached XP level 9. HP: 55/77 MP: 8/8
  5830 | D:6      | Bought a scroll of enchant weapon for 82 gold pieces
  6521 | D:8      | Reached skill level 11 in Axes
  6747 | D:8      | Found a staircase to the Lair.
  6749 | D:8      | Noticed a komodo dragon
  6764 | D:8      | Killed a komodo dragon
  6764 | D:8      | Reached *** piety under Okawaru
  6770 | Lair:1   | Entered Level 1 of the Lair of Beasts
  6790 | Lair:1   | Noticed a spiny frog
  6794 | Lair:1   | Killed a spiny frog
  6794 | Lair:1   | Reached XP level 10. HP: 75/86 MP: 9/9
  6844 | Lair:1   | Reached skill level 12 in Axes
  6845 | Lair:1   | Noticed Sonja
  7004 | Lair:1   | Slain by Sonja

Levels and vault maps discovered:
D:1:      grunt_arrival_crossed_arrows, layout_basic
D:2:      layout_rooms, serial_co_window_serial, co_window_corner_a,
          co_window_paths_b, co_window_paths_a, co_window_paths_b,
          co_window_paths_b, co_window_of_opportunity_c, co_window_corner_b,
          co_window_unsneaky_path_c, co_window_corner_cb, co_window_broadway_a,
          co_window_broadway_a, co_window_corner_b, glass_columns_a,
          glass_columns_c, glass_columns_b
D:3:      corexii_shack_village, layout_basic, uniq_robin
D:4:      minmay_skewed_foursquare, layout_basic,
          nicolae_overflow_hidden_temple, lemuel_doored_altar,
          minmay_temple_entry_mist, first_ration, serial_shops,
          nicolae_shop_waterfront, shop, shop, shop, kennysheep_little_box,
          minmay_between, uniq_duvessa
D:5:      layout_loops_cross
D:6:      layout_layer_cave, serial_shops, shop, kb_lookout_dungeons_type,
          tgw_xom
D:7:      layout_rooms, enter_bailey_3
D:8:      layout_basic, david_lair_shrubbed, zaba_antful_of_joy
Temple:   regret_index_temple_mists
Lair:1:   layout_regular_city, minmay_lair_oklob_chamber, serial_bayou_shore_b,
          uniq_sonja, uniq_erica

Skill      XL: |  1  2  3  4  5  6  7  8  9 10 |
---------------+-------------------------------+-----
Fighting       | 4 5 6 7 |  7.5
Armour         | 4 5 6 7 |  7.4
Shields        | 4 5 6 8 |  8.4
Axes           | 3 4 6 7 8 10 11 12 | 12.0
Dodging        | 1 2 |  2.9
Throwing       | |  0.8
Stealth        | |  0.1
Invocations    | |  0.7
Evocations     | |  0.2

Action                   |  1- 3 |  4- 6 |  7- 9 | 10-12 || total
-------------------------+-------+-------+-------+-------++-------
Melee: War axe           |    95 |   183 |   337 |     5 ||   620
       Headbutt          |    18 |    32 |    68 |     2 ||   120
Throw: Javelin           |       |     2 |     6 |     2 ||    10
Invok: Heroism           |       |       |     5 |       ||     5
 Abil: Evoke Flight      |       |     1 |     2 |     1 ||     4
  Use: Scroll            |     3 |     2 |     8 |     2 ||    15
       Potion            |       |     1 |    16 |     1 ||    18
 Stab: Sleeping          |       |       |       |     1 ||     1
  Eat: Ration            |     1 |     1 |     4 |       ||     6
Armor: Scale mail        |    25 |       |       |       ||    25
       Chain mail        |    42 |    93 |   155 |     7 ||   297
Dodge: Dodged            |    23 |    32 |    78 |     5 ||   138
Block: Shield            |    51 |   108 |   184 |     8 ||   351
